| TOP OF THE 1ST |
|
Lansing Lugnuts batting - Pitching for Cedar Rapids Kernels : LHP Jon Lizarraga
|
|
Pitching: LHP Jon Lizarraga
|
|
|
Batting: SHB Gregg Whitecotton
|
0-0: Called Strike 0-1: Ball 1-1: Foul Ball, location: 2F 1-2: Foul Ball, location: 2F 1-2: Strikes out looking
|
|
Batting: RHB Dylan Phillips
|
0-0: Called Strike 0-1: Ball 1-1: Foul Ball, location: 2F 1-2: DOUBLE (Flyball, 8RXD, EV 94.4 MPH)
|
|
Batting: RHB John Michener
|
0-0: Called Strike 0-1: Ball 1-1: Ground out 6-3 (Groundball, 6, EV 100.0 MPH)
|
|
Batting: RHB Raul de la Cruz
|
0-0: Ball 1-0: Foul Ball, location: 2F 1-1: Ball 2-1: Ball 3-1: Called Strike 3-2: Foul Ball, location: 2F 3-2: Foul Ball, location: 2F 3-2: Base on Balls
|
|
Batting: RHB Jose Ontiveros
|
0-0: Ball 1-0: Ball 2-0: Called Strike 2-1: Foul Ball, location: 2F 2-2: Foul Ball, location: 2F 2-2: Foul Ball, location: 2F 2-2: Fly out, F8 (Line Drive, 8RM, EV 91.9 MPH)
|
| Top of the 1st over - 0 runs, 1 hit, 0 errors, 2 left on base; Lansing 0 - Cedar Rapids 0 |
| BOTTOM OF THE 1ST |
|
Cedar Rapids Kernels batting - Pitching for Lansing Lugnuts : RHP Ben Knapp
|
|
Pitching: RHP Ben Knapp
|
|
|
Batting: RHB David McDonald
|
0-0: Ball 1-0: Ball 2-0: Called Strike 2-1: SINGLE (Groundball, P, EV 88.8 MPH) (infield hit)
|
|
Batting: RHB Tim Carter
|
0-0: Ball David McDonald steals 2nd base (no throw) 1-0: Ball 2-0: Ground out 4-3 (Groundball, 34, EV 84.4 MPH) David McDonald to third
|
|
Batting: LHB Kuemon Shishido
|
0-0: Ball 1-0: Fly out, F8 (Line Drive, 8LD, EV 92.5 MPH) Runner from 3rd tags up, OUT at HOME! 8-2
|
| Bottom of the 1st over - 0 runs, 1 hit, 0 errors, 0 left on base; Lansing 0 - Cedar Rapids 0 |
| TOP OF THE 2ND |
|
Lansing Lugnuts batting - Pitching for Cedar Rapids Kernels : LHP Jon Lizarraga
|
|
Batting: RHB Shunsuke Shiba Inu
|
0-0: Called Strike 0-1: Ground out 6-3 (Groundball, 6S, EV 75.0 MPH)
|
|
Batting: LHB Timo Gomez
|
0-0: Ball 1-0: Ball 2-0: Ball 3-0: Called Strike 3-1: Swinging Strike 3-2: Base on Balls
|
|
Batting: LHB Frank Nelson
|
0-0: Called Strike 0-1: Swinging Strike Passed Ball! Timo Gomez to second 0-2: Foul Ball, location: 2F 0-2: Ball 1-2: Foul Ball, location: 2F 1-2: Strikes out swinging, 2-3 out at first.
|
|
Batting: RHB Dan Muns
|
0-0: Called Strike 0-1: Ball 1-1: Swinging Strike 1-2: Fly out, F8 (Line Drive, 78D, EV 88.1 MPH)
|
| Top of the 2nd over - 0 runs, 0 hits, 0 errors, 1 left on base; Lansing 0 - Cedar Rapids 0 |
| BOTTOM OF THE 2ND |
|
Cedar Rapids Kernels batting - Pitching for Lansing Lugnuts : RHP Ben Knapp
|
|
Batting: LHB Shaun Price
|
0-0: Called Strike 0-1: Foul Ball, location: 2F 0-2: Ball 1-2: Strikes out looking
|
|
Batting: LHB Brian Wagner
|
0-0: Called Strike 0-1: Called Strike 0-2: Foul Ball, location: 2F 0-2: Foul Ball, location: 2F 0-2: Ball 1-2: Foul Ball, location: 2F 1-2: Foul Ball, location: 2F 1-2: Foul Ball, location: 2F 1-2: Ball 2-2: Strikes out looking
|
|
Batting: LHB Marvin Shepherd
|
0-0: Ball 1-0: Swinging Strike 1-1: Called Strike 1-2: DOUBLE (Groundball, 5L, EV 106.9 MPH)
|
|
Batting: RHB Nate Matson
|
0-0: Called Strike 0-1: Swinging Strike 0-2: Ball 1-2: Ball 2-2: Ball 3-2: Fly out, F7 (Line Drive, 7, EV 101.9 MPH)
|
| Bottom of the 2nd over - 0 runs, 1 hit, 0 errors, 1 left on base; Lansing 0 - Cedar Rapids 0 |
| TOP OF THE 3RD |
|
Lansing Lugnuts batting - Pitching for Cedar Rapids Kernels : LHP Jon Lizarraga
|
|
Batting: SHB Gregg Whitecotton
|
0-0: Called Strike 0-1: Ball 1-1: Called Strike 1-2: Fly out, F7 (Flyball, 7S, EV 74.4 MPH)
|
|
Batting: RHB Dylan Phillips
|
0-0: Ball 1-0: Ball 2-0: Called Strike 2-1: Ball 3-1: Foul Ball, location: 2F 3-2: Base on Balls
|
|
Batting: RHB John Michener
|
0-0: Ball 1-0: Swinging Strike 1-1: Ball 2-1: Ball 3-1: Base on Balls Dylan Phillips to second
|
|
Batting: RHB Raul de la Cruz
|
0-0: Ball 1-0: Ball 2-0: Grounds into double play, 5-4-3 (Groundball, 5, EV 81.9 MPH)
|
| Top of the 3rd over - 0 runs, 0 hits, 0 errors, 1 left on base; Lansing 0 - Cedar Rapids 0 |
| BOTTOM OF THE 3RD |
|
Cedar Rapids Kernels batting - Pitching for Lansing Lugnuts : RHP Ben Knapp
|
|
Batting: LHB Hector Olvera
|
0-0: Called Strike 0-1: Ball 1-1: SINGLE (Line Drive, 78S, EV 106.9 MPH)
|
|
Batting: RHB Antonio Santos
|
0-0: Swinging Strike 0-1: Called Strike 0-2: Grounds into double play, 4-6-3 (Groundball, 4MS, EV 83.8 MPH)
|
|
Batting: RHB David McDonald
|
0-0: Called Strike 0-1: Called Strike 0-2: Ball 1-2: Strikes out swinging
|
| Bottom of the 3rd over - 0 runs, 1 hit, 0 errors, 0 left on base; Lansing 0 - Cedar Rapids 0 |
| TOP OF THE 4TH |
|
Lansing Lugnuts batting - Pitching for Cedar Rapids Kernels : LHP Jon Lizarraga
|
|
Batting: RHB Jose Ontiveros
|
0-0: Ball 1-0: Ground out 6-3 (Groundball, 6, EV 103.8 MPH)
|
|
Batting: RHB Shunsuke Shiba Inu
|
0-0: Foul Ball, location: 2F 0-1: Ball 1-1: Swinging Strike 1-2: Strikes out looking
|
|
Batting: LHB Timo Gomez
|
0-0: Swinging Strike 0-1: Called Strike 0-2: Ball 1-2: Hit by Pitch
|
|
Batting: LHB Frank Nelson
|
0-0: Swinging Strike 0-1: Ball Timo Gomez steals 2nd base (no throw) 1-1: Ball 2-1: Called Strike 2-2: Ball 3-2: Ground out 4-3 (Groundball, 4, EV 98.8 MPH)
|
| Top of the 4th over - 0 runs, 0 hits, 0 errors, 1 left on base; Lansing 0 - Cedar Rapids 0 |
| BOTTOM OF THE 4TH |
|
Cedar Rapids Kernels batting - Pitching for Lansing Lugnuts : RHP Ben Knapp
|
|
Batting: RHB Tim Carter
|
0-0: Foul Ball, location: 2F 0-1: Swinging Strike 0-2: Ground out 6-3 (Groundball, 6, EV 92.5 MPH)
|
|
Batting: LHB Kuemon Shishido
|
0-0: Ball 1-0: Ball 2-0: Called Strike 2-1: Fly out, F9 (Line Drive, 89M, EV 93.8 MPH)
|
|
Batting: LHB Shaun Price
|
0-0: Called Strike 0-1: Ball 1-1: Ground out 4-3 (Groundball, 4, EV 101.2 MPH)
|
| Bottom of the 4th over - 0 runs, 0 hits, 0 errors, 0 left on base; Lansing 0 - Cedar Rapids 0 |
| TOP OF THE 5TH |
|
Lansing Lugnuts batting - Pitching for Cedar Rapids Kernels : LHP Jon Lizarraga
|
|
Batting: RHB Dan Muns
|
0-0: Called Strike 0-1: Ball 1-1: Swinging Strike 1-2: Foul Ball, location: 2F 1-2: Ball 2-2: Ball 3-2: Fly out, F8 (Flyball, 8LXD, EV 102.5 MPH)
|
|
Pitching: RHP Scot Abbott
|
|
|
Batting: SHB Gregg Whitecotton
|
0-0: Ball 1-0: Ball 2-0: Called Strike 2-1: SINGLE (Line Drive, 3D, EV 108.1 MPH)
|
|
Batting: RHB Dylan Phillips
|
0-0: Called Strike 0-1: Ball 1-1: Foul Ball, location: 2F 1-2: Ball 2-2: Strikes out swinging
|
|
Batting: RHB John Michener
|
0-0: Ball 1-0: SINGLE (Groundball, 6D, EV 104.4 MPH) Gregg Whitecotton to second Runner from 2nd tries for 3rd, OUT! 8-5
|
| Top of the 5th over - 0 runs, 2 hits, 0 errors, 1 left on base; Lansing 0 - Cedar Rapids 0 |
| BOTTOM OF THE 5TH |
|
Cedar Rapids Kernels batting - Pitching for Lansing Lugnuts : RHP Ben Knapp
|
|
Batting: LHB Brian Wagner
|
0-0: Ball 1-0: Ball 2-0: SINGLE (Groundball, 4MS, EV 71.2 MPH) (infield hit)
|
|
Batting: LHB Marvin Shepherd
|
0-0: Called Strike 0-1: Called Strike 0-2: Ball 1-2: Ball 2-2: Foul Ball, location: 2F 2-2: Ground out 6-3 (Groundball, 6MS, EV 69.4 MPH) Brian Wagner to second
|
|
Batting: RHB Nate Matson
|
0-0: Foul Ball, location: 2F 0-1: Ball 1-1: Swinging Strike 1-2: Foul Ball, location: 2F 1-2: Ball 2-2: Ball 3-2: Strikes out swinging
|
|
Batting: LHB Hector Olvera
|
0-0: Ball 1-0: Ball 2-0: Ball 3-0: Called Strike 3-1: Foul Ball, location: 2F 3-2: Foul Ball, location: 2F 3-2: Strikes out swinging
|
| Bottom of the 5th over - 0 runs, 1 hit, 0 errors, 1 left on base; Lansing 0 - Cedar Rapids 0 |
| TOP OF THE 6TH |
|
Lansing Lugnuts batting - Pitching for Cedar Rapids Kernels : RHP Scot Abbott
|
|
Batting: RHB Raul de la Cruz
|
0-0: Ball 1-0: Foul Ball, location: 2F 1-1: Swinging Strike 1-2: Foul Ball, location: 2F 1-2: Fly out, F8 (Flyball, 89S, EV 91.2 MPH)
|
|
Batting: RHB Jose Ontiveros
|
0-0: DOUBLE (Line Drive, 89M, EV 100.6 MPH)
|
|
Batting: RHB Shunsuke Shiba Inu
|
0-0: Ball Jose Ontiveros steals 3rd base 1-0: Ball 2-0: Ball 3-0: Called Strike 3-1: Foul Ball, location: 2F 3-2: Fly out, F8 (Flyball, 8RXD, EV 100.0 MPH) Runner from 3rd tags up, SCORES, no throw by CF
|
|
Batting: LHB Timo Gomez
|
0-0: Ball 1-0: Swinging Strike 1-1: Fly out, F7 (Flyball, 7S, EV 94.4 MPH)
|
| Top of the 6th over - 1 run, 1 hit, 0 errors, 0 left on base; Lansing 1 - Cedar Rapids 0 |
| BOTTOM OF THE 6TH |
|
Cedar Rapids Kernels batting - Pitching for Lansing Lugnuts : RHP Ben Knapp
|
|
Batting: RHB Antonio Santos
|
0-0: Called Strike 0-1: Called Strike 0-2: SINGLE (Groundball, 34D, EV 98.1 MPH)
|
|
Batting: RHB David McDonald
|
0-0: Ground out 5-3 (Groundball, 6S, EV 62.5 MPH) Antonio Santos to second
|
|
Batting: RHB Tim Carter
|
0-0: Swinging Strike 0-1: Ball 1-1: Ground out 1-3 (Groundball, 13S, EV 73.1 MPH) Antonio Santos to third
|
|
Batting: LHB Kuemon Shishido
|
0-0: Foul Ball, location: 2F 0-1: Ground out 4-3 (Groundball, 34, EV 88.8 MPH)
|
| Bottom of the 6th over - 0 runs, 1 hit, 0 errors, 1 left on base; Lansing 1 - Cedar Rapids 0 |
| TOP OF THE 7TH |
|
Lansing Lugnuts batting - Pitching for Cedar Rapids Kernels : RHP Scot Abbott
|
|
Pitching: RHP Andrew Rich
|
|
|
Batting: LHB Frank Nelson
|
0-0: Ball 1-0: Ball 2-0: Called Strike 2-1: Fly out, F7 (Flyball, 7, EV 81.2 MPH)
|
|
Batting: RHB Dan Muns
|
0-0: Swinging Strike 0-1: Ball 1-1: Swinging Strike 1-2: Ball 2-2: Ground out 5-3 (Groundball, 5S, EV 68.8 MPH)
|
|
Batting: SHB Gregg Whitecotton
|
0-0: Ball 1-0: Ball 2-0: Called Strike 2-1: Foul Ball, location: 2F 2-2: Foul Ball, location: 2F 2-2: Ground out 5-3 (Groundball, 5D, EV 84.4 MPH)
|
| Top of the 7th over - 0 runs, 0 hits, 0 errors, 0 left on base; Lansing 1 - Cedar Rapids 0 |
| BOTTOM OF THE 7TH |
|
Cedar Rapids Kernels batting - Pitching for Lansing Lugnuts : RHP Ben Knapp
|
|
Now at 2B: Dylan Phillips
|
|
|
Now at 3B: Roger Escareno
|
|
|
Now in RF: Julio Canseco
|
|
|
Batting: LHB Shaun Price
|
0-0: Called Strike 0-1: Ball 1-1: Ball 2-1: Fly out, F7 (Line Drive, 78M, EV 90.6 MPH)
|
|
Batting: LHB Brian Wagner
|
0-0: Swinging Strike 0-1: Called Strike 0-2: Foul Ball, location: 2F 0-2: Ball 1-2: Ball 2-2: SINGLE (Line Drive, 4MD, EV 108.8 MPH)
|
|
Batting: LHB Marvin Shepherd
|
0-0: Called Strike 0-1: Foul Ball, location: 2F 0-2: Ball 1-2: Ball 2-2: Foul Ball, location: 2F 2-2: Ball 3-2: Strikes out swinging
|
|
Batting: RHB Nate Matson
|
0-0: Called Strike 0-1: Ball Brian Wagner steals 2nd base 1-1: Ball 2-1: Called Strike 2-2: Ball 3-2: SINGLE (Groundball, 56D, EV 95.0 MPH) Brian Wagner to third Runner from 3rd tries for Home, SAFE, throw by LF to home
|
|
Pitching: LHP Sam Mathena
|
|
|
Pinch Hitting: RHB Steve Raine
|
0-0: Called Strike 0-1: Ball 1-1: Ground out 4-3 (Groundball, 4, EV 85.0 MPH)
|
| Bottom of the 7th over - 1 run, 2 hits, 0 errors, 1 left on base; Lansing 1 - Cedar Rapids 1 |
| TOP OF THE 8TH |
|
Lansing Lugnuts batting - Pitching for Cedar Rapids Kernels : RHP Andrew Rich
|
|
Now in RF: Steve Raine
|
|
|
Batting: RHB Dylan Phillips
|
0-0: Called Strike 0-1: Ball 1-1: Foul Ball, location: 2F 1-2: Ball 2-2: Strikes out swinging
|
|
Batting: RHB John Michener
|
0-0: Called Strike 0-1: Ball 1-1: Ball 2-1: Ball 3-1: Foul Ball, location: 2F 3-2: Base on Balls
|
|
Batting: RHB Raul de la Cruz
|
0-0: Foul Ball, location: 2F 0-1: Foul Ball, location: 2F 0-2: Foul Ball, location: 2F 0-2: Strikes out looking
|
|
Batting: RHB Jose Ontiveros
|
0-0: Called Strike 0-1: Ball John Michener steals 2nd, throwing error, E2 John Michener to third 1-1: Foul Ball, location: 2F 1-2: Strikes out looking
|
| Top of the 8th over - 0 runs, 0 hits, 1 error, 1 left on base; Lansing 1 - Cedar Rapids 1 |
| BOTTOM OF THE 8TH |
|
Cedar Rapids Kernels batting - Pitching for Lansing Lugnuts : LHP Sam Mathena
|
|
Pitching: RHP Steve Schultz
|
|
|
Pinch Hitting: RHB Kevin Harris
|
0-0: Ground out U3 (Groundball, 34S, EV 78.1 MPH)
|
|
Batting: RHB David McDonald
|
0-0: Ball 1-0: Ball 2-0: SINGLE (Groundball, 6MD, EV 100.6 MPH)
|
|
Batting: RHB Tim Carter
|
0-0: Ball 1-0: Grounds into double play, 4-6-3 (Groundball, 4, EV 86.2 MPH)
|
| Bottom of the 8th over - 0 runs, 1 hit, 0 errors, 0 left on base; Lansing 1 - Cedar Rapids 1 |
| TOP OF THE 9TH |
|
Lansing Lugnuts batting - Pitching for Cedar Rapids Kernels : RHP Andrew Rich
|
|
Pitching: RHP Steven Legge
|
|
|
Now at 3B: Kevin Harris
|
|
|
Batting: LHB Roger Escareno
|
0-0: Foul Ball, location: 2F 0-1: SINGLE (Line Drive, 56, EV 102.5 MPH)
|
|
Batting: LHB Timo Gomez
|
0-0: Bunt missed! 0-1: Ball Roger Escareno is caught stealing 2nd base 2-6 1-1: Swinging Strike 1-2: Foul Ball, location: 2F 1-2: Ball 2-2: Ball 3-2: Fly out, F8 (Flyball, 8LM, EV 90.0 MPH)
|
|
Batting: LHB Julio Canseco
|
0-0: Ground out 6-3 (Groundball, 6S, EV 85.6 MPH)
|
| Top of the 9th over - 0 runs, 1 hit, 0 errors, 0 left on base; Lansing 1 - Cedar Rapids 1 |
| BOTTOM OF THE 9TH |
|
Cedar Rapids Kernels batting - Pitching for Lansing Lugnuts : RHP Steve Schultz
|
|
Pitching: LHP Nick Burnstein
|
|
|
Batting: LHB Kuemon Shishido
|
0-0: Called Strike 0-1: Called Strike 0-2: Strikes out swinging
|
|
Batting: LHB Shaun Price
|
0-0: Ball 1-0: Swinging Strike 1-1: Foul Ball, location: 2F 1-2: Strikes out swinging
|
|
Batting: LHB Brian Wagner
|
0-0: Foul Ball, location: 2F 0-1: Ball 1-1: Swinging Strike 1-2: Ball 2-2: Strikes out looking
|
| Bottom of the 9th over - 0 runs, 0 hits, 0 errors, 0 left on base; Lansing 1 - Cedar Rapids 1 |
| TOP OF THE 10TH |
|
Lansing Lugnuts batting - Pitching for Cedar Rapids Kernels : RHP Steven Legge
|
|
Batting: RHB Dan Muns
|
0-0: Called Strike 0-1: Foul Ball, location: 2F 0-2: SINGLE (Groundball, 4D, EV 108.1 MPH)
|
|
Batting: SHB Gregg Whitecotton
|
0-0: Bunt - Flyout to 15S! F1
|
|
Batting: RHB Dylan Phillips
|
0-0: Called Strike Dan Muns steals 2nd, throwing error, E2 Dan Muns to third 0-1: Ball 1-1: Foul Ball, location: 2F 1-2: Ground out 5-3 (Groundball, 56S, EV 84.4 MPH)
|
|
Batting: RHB John Michener
|
0-0: Called Strike 0-1: Ball 1-1: Ball 2-1: Ball 3-1: Foul Ball, location: 2F 3-2: Strikes out swinging
|
| Top of the 10th over - 0 runs, 1 hit, 1 error, 1 left on base; Lansing 1 - Cedar Rapids 1 |
| BOTTOM OF THE 10TH |
|
Cedar Rapids Kernels batting - Pitching for Lansing Lugnuts : LHP Nick Burnstein
|
|
Pinch Hitting: RHB Dave Berry
|
0-0: Ball 1-0: Called Strike 1-1: Called Strike 1-2: Ball 2-2: Ground out 5-3 (Groundball, 56S, EV 85.0 MPH)
|
|
Batting: RHB Nate Matson
|
0-0: Ball 1-0: Swinging Strike 1-1: Foul Ball, location: 2F 1-2: Ball 2-2: Strikes out swinging
|
|
Batting: RHB Steve Raine
|
0-0: Ball 1-0: Ball 2-0: Called Strike 2-1: Ball 3-1: Called Strike 3-2: Foul Ball, location: 2F 3-2: Foul Ball, location: 2F 3-2: Base on Balls
|
|
Batting: RHB Kevin Harris
|
0-0: Ball 1-0: Ball 2-0: Foul Ball, location: 2F 2-1: DOUBLE (Line Drive, 8RXD, EV 103.1 MPH) Steve Raine to third
|
|
Batting: RHB David McDonald
|
0-0: Ball 1-0: Foul Ball, location: 2F 1-1: Ground out 6-3 (Groundball, 6, EV 81.2 MPH)
|
| Bottom of the 10th over - 0 runs, 1 hit, 0 errors, 2 left on base; Lansing 1 - Cedar Rapids 1 |
| TOP OF THE 11TH |
|
Lansing Lugnuts batting - Pitching for Cedar Rapids Kernels : RHP Steven Legge
|
|
Now in LF: Dave Berry
|
|
|
Batting: RHB Raul de la Cruz
|
0-0: Ball 1-0: Ball 2-0: Ball 3-0: Base on Balls
|
|
Batting: RHB Jose Ontiveros
|
0-0: Called Strike 0-1: Called Strike Raul de la Cruz steals 2nd base 0-2: Strikes out looking
|
|
Batting: LHB Roger Escareno
|
0-0: Ball 1-0: Called Strike 1-1: Foul Ball, location: 2F 1-2: Ground out U3 (Groundball, 3, EV 110.6 MPH) Raul de la Cruz to third
|
|
Batting: LHB Timo Gomez
|
0-0: Intentional Walk
|
|
Batting: LHB Julio Canseco
|
0-0: Swinging Strike 0-1: Ball 1-1: Ground out 4-3 (Groundball, 4, EV 94.4 MPH)
|
| Top of the 11th over - 0 runs, 0 hits, 0 errors, 2 left on base; Lansing 1 - Cedar Rapids 1 |
| BOTTOM OF THE 11TH |
|
Cedar Rapids Kernels batting - Pitching for Lansing Lugnuts : LHP Nick Burnstein
|
|
Pitching: RHP Scott Lowry
|
|
|
Batting: RHB Tim Carter
|
0-0: Foul Ball, location: 2F 0-1: Ball 1-1: Ball 2-1: Foul Ball, location: 2F 2-2: Ground out 4-3 (Groundball, 4, EV 85.6 MPH)
|
|
Batting: LHB Kuemon Shishido
|
0-0: Ball 1-0: Called Strike 1-1: Swinging Strike 1-2: Foul Ball, location: 2F 1-2: Ground out 6-3 (Groundball, 4, EV 93.1 MPH)
|
|
Batting: LHB Shaun Price
|
0-0: Ball 1-0: Called Strike 1-1: Foul Ball, location: 2F 1-2: Ball 2-2: Strikes out swinging
|
| Bottom of the 11th over - 0 runs, 0 hits, 0 errors, 0 left on base; Lansing 1 - Cedar Rapids 1 |
| TOP OF THE 12TH |
|
Lansing Lugnuts batting - Pitching for Cedar Rapids Kernels : RHP Steven Legge
|
|
Pitching: LHP Mark Challinor
|
|
|
Batting: RHB Dan Muns
|
0-0: Ball 1-0: Ground out 4-3 (Groundball, 34D, EV 111.2 MPH)
|
|
Batting: SHB Gregg Whitecotton
|
0-0: Hit by Pitch
|
|
Batting: RHB Dylan Phillips
|
0-0: Ball 1-0: Ball 2-0: Ball 3-0: Base on Balls Gregg Whitecotton to second
|
|
Batting: RHB John Michener
|
0-0: Foul Ball, location: 2F 0-1: Swinging Strike 0-2: Ball 1-2: Strikes out swinging
|
|
Batting: RHB Raul de la Cruz
|
0-0: Foul Ball, location: 2F 0-1: Foul Ball, location: 2F 0-2: Ball 1-2: Ball 2-2: Ball 3-2: Foul Ball, location: 2F 3-2: Foul Ball, location: 2F 3-2: Ground out U3 (Groundball, 3, EV 85.6 MPH)
|
| Top of the 12th over - 0 runs, 0 hits, 0 errors, 2 left on base; Lansing 1 - Cedar Rapids 1 |
| BOTTOM OF THE 12TH |
|
Cedar Rapids Kernels batting - Pitching for Lansing Lugnuts : RHP Scott Lowry
|
|
Batting: LHB Brian Wagner
|
0-0: Ball 1-0: SINGLE (Groundball, 34S, EV 67.5 MPH) (infield hit)
|
|
Batting: RHB Dave Berry
|
0-0: Ball Brian Wagner steals 2nd base (no throw) 1-0: Foul Ball, location: 2F 1-1: Foul Ball, location: 2F 1-2: Foul Ball, location: 2F 1-2: Strikes out swinging
|
|
Batting: RHB Nate Matson
|
0-0: Ball 1-0: Swinging Strike 1-1: Ball 2-1: Ground out 5-3 (Groundball, 56, EV 101.9 MPH)
|
|
Batting: RHB Steve Raine
|
0-0: Ball 1-0: Foul Ball, location: 2F 1-1: SINGLE (Groundball, 5D, EV 98.8 MPH) Brian Wagner to third Runner from 3rd tries for Home, SAFE, throw by LF to home
|
| Bottom of the 12th over - 1 run, 2 hits, 0 errors, 1 left on base; Lansing 1 - Cedar Rapids 2 |
|